PR
HICKSVILLE HOUNDS @ TULSA OTTERS
08/17/2042
 
TOP OF THE 1ST
Hicksville Hounds batting - Pitching for Tulsa Otters : LHP Benjamin Renninger
Pitching: LHP Benjamin Renninger
Batting: LHB Timothy Hayes 0-0: Ball
1-0: Ball
2-0: Foul Ball, location: 2F
2-1: SINGLE (Line Drive, 6MD, EV 100.0 MPH)
Batting: RHB Joe Barrientez 0-0: Ball
1-0: Ball
2-0: DOUBLE (Groundball, 5L, EV 105.6 MPH)
Timothy Hayes to third
Runner from 3rd tries for Home, SAFE, throw by LF to trailing runner, SAFE at third!
Batting: RHB Zhong-yi Yun 0-0: Ball
1-0: Foul Ball, location: 2F
1-1: Called Strike
1-2: Foul Ball, location: 2F
1-2: Foul Ball, location: 2F
1-2: Ball
2-2: Strikes out swinging
Batting: RHB Ming-an Yin 0-0: Fly out, F7 (Flyball, 7, EV 93.1 MPH)
Runner from 3rd tags up, SCORES, throw by LF
Batting: RHB Arturo Iglésias 0-0: Fly out, F7 (Flyball, 7S, EV 74.4 MPH)
Top of the 1st over - 2 runs, 2 hits, 0 errors, 0 left on base; Hicksville 2 - Tulsa 0
BOTTOM OF THE 1ST
Tulsa Otters batting - Pitching for Hicksville Hounds : RHP Tim Stroud
Pitching: RHP Tim Stroud
Batting: LHB Karl Monks 0-0: Fly out, F9 (Line Drive, 9, EV 86.2 MPH)
Batting: RHB Cédric Dumas 0-0: Called Strike
0-1: Ball
1-1: Foul Ball, location: 2F
1-2: SINGLE (Line Drive, 9S, EV 103.8 MPH)
Batting: RHB Tim White 0-0: Ball
1-0: Ball
2-0: Fly out, F9 (Line Drive, 9, EV 97.5 MPH)
Batting: RHB Joe Smith 0-0: Called Strike
0-1: Called Strike
0-2: Ball
1-2: Fly out, F9 (Flyball, 9, EV 81.2 MPH)
Bottom of the 1st over - 0 runs, 1 hit, 0 errors, 1 left on base; Hicksville 2 - Tulsa 0
TOP OF THE 2ND
Hicksville Hounds batting - Pitching for Tulsa Otters : LHP Benjamin Renninger
Batting: RHB Trent Davis 0-0: Ball
1-0: Ball
2-0: Called Strike
2-1: Foul Ball, location: 2F
2-2: Ball
3-2: Strikes out swinging
Batting: RHB Andrew Potter 0-0: Foul Ball, location: 2F
0-1: Swinging Strike
0-2: Strikes out swinging
Batting: RHB Eng-hee Pan 0-0: Called Strike
0-1: Ball
1-1: Ball
2-1: Ball
3-1: Base on Balls
Pitching: RHP Marty Logan
Batting: RHB Will Barr 0-0: Called Strike
0-1: Swinging Strike
0-2: Strikes out swinging
Top of the 2nd over - 0 runs, 0 hits, 0 errors, 1 left on base; Hicksville 2 - Tulsa 0
BOTTOM OF THE 2ND
Tulsa Otters batting - Pitching for Hicksville Hounds : RHP Tim Stroud
Batting: RHB Sergio Núñez 0-0: Called Strike
0-1: Swinging Strike
0-2: Ball
1-2: Ball
2-2: Ball
3-2: Ground out 6-3 (Groundball, 6M, EV 90.6 MPH)
Batting: RHB Greg Nieto 0-0: Ball
1-0: Ball
2-0: Called Strike
2-1: Called Strike
2-2: SINGLE (Groundball, 56D, EV 100.6 MPH)
Batting: RHB Rick Caldwell 0-0: Called Strike
0-1: Ball
1-1: Ball
2-1: Swinging Strike
2-2: Fielders Choice at 2nd, 5-4 (Groundball, 5, EV 85.6 MPH)
Batting: RHB Donnie Williams 0-0: Reached on error, E5 (Groundball, 56S, EV 83.8 MPH)
Rick Caldwell to third
Batting: RHB Ethan Lewis 0-0: Ground out 6-3 (Groundball, 6, EV 88.1 MPH)
Bottom of the 2nd over - 0 runs, 1 hit, 1 error, 2 left on base; Hicksville 2 - Tulsa 0
TOP OF THE 3RD
Hicksville Hounds batting - Pitching for Tulsa Otters : RHP Marty Logan
Batting: LHB Timothy Hayes 0-0: Called Strike
0-1: Swinging Strike
0-2: Ball
1-2: Foul Ball, location: 2F
1-2: Ball
2-2: Foul Ball, location: 2F
2-2: Ball
3-2: Strikes out swinging
Batting: RHB Joe Barrientez 0-0: Fly out, F7 (Flyball, 7D, EV 89.4 MPH)
Batting: RHB Zhong-yi Yun 0-0: Foul Ball, location: 2F
0-1: Swinging Strike
0-2: Strikes out swinging
Top of the 3rd over - 0 runs, 0 hits, 0 errors, 0 left on base; Hicksville 2 - Tulsa 0
BOTTOM OF THE 3RD
Tulsa Otters batting - Pitching for Hicksville Hounds : RHP Tim Stroud
Batting: LHB Karl Monks 0-0: Foul Ball, location: 2F
0-1: Swinging Strike
0-2: SINGLE (Flyball, 9LS, EV 95.0 MPH)
Batting: RHB Cédric Dumas 0-0: Ball
1-0: Called Strike
1-1: Ball
2-1: Fly out, F9 (Flyball, 9LS, EV 91.2 MPH)
Batting: RHB Tim White 0-0: Ball
1-0: Swinging Strike
1-1: Fly out, F5 (Line Drive, 5, EV 61.9 MPH)
Batting: RHB Joe Smith 0-0: Ball
1-0: Swinging Strike
1-1: Ball
2-1: Ball
3-1: Base on Balls
Karl Monks to second
Batting: RHB Sergio Núñez 0-0: Reached on error, E1 (Groundball, 15S, EV 68.8 MPH)
Karl Monks scores
Joe Smith to third
Batting: RHB Greg Nieto 0-0: Swinging Strike
0-1: Ball
1-1: Swinging Strike
1-2: Strikes out swinging
Bottom of the 3rd over - 1 run, 1 hit, 1 error, 2 left on base; Hicksville 2 - Tulsa 1
TOP OF THE 4TH
Hicksville Hounds batting - Pitching for Tulsa Otters : RHP Marty Logan
Batting: RHB Ming-an Yin 0-0: Ball
1-0: Called Strike
1-1: Ball
2-1: Ball
3-1: Swinging Strike
3-2: Foul Ball, location: 2F
3-2: Foul Ball, location: 2F
3-2: Foul Ball, location: 2F
3-2: Foul Ball, location: 2F
3-2: Fly out, F8 (Flyball, 89M, EV 91.2 MPH)
Batting: RHB Arturo Iglésias 0-0: Ball
1-0: Swinging Strike
1-1: Ball
2-1: Ball
3-1: Base on Balls
Batting: RHB Trent Davis 0-0: Ball
1-0: Grounds into double play, 5-4-3 (Groundball, 56, EV 101.2 MPH)
Top of the 4th over - 0 runs, 0 hits, 0 errors, 0 left on base; Hicksville 2 - Tulsa 1
BOTTOM OF THE 4TH
Tulsa Otters batting - Pitching for Hicksville Hounds : RHP Tim Stroud
Batting: RHB Rick Caldwell 0-0: Called Strike
0-1: Swinging Strike
0-2: Reached on error, E6 (Groundball, 6, EV 80.0 MPH)
Batting: RHB Donnie Williams 0-0: Ball
1-0: Fielders Choice at 2nd, 1-4 (Groundball, 15, EV 71.9 MPH)
Batting: RHB Ethan Lewis 0-0: Ball
1-0: Swinging Strike
1-1: Foul Ball, location: 2F
1-2: Ball
2-2: Grounds into double play, 6-4-3 (Groundball, 6M, EV 80.6 MPH)
Bottom of the 4th over - 0 runs, 0 hits, 1 error, 0 left on base; Hicksville 2 - Tulsa 1
TOP OF THE 5TH
Hicksville Hounds batting - Pitching for Tulsa Otters : RHP Marty Logan
Batting: RHB Andrew Potter 0-0: Ball
1-0: Ball
2-0: Called Strike
2-1: Swinging Strike
2-2: Ball
3-2: Strikes out swinging
Batting: RHB Eng-hee Pan 0-0: Foul Ball, location: 2F
0-1: SOLO HOME RUN (Line Drive, 7D, EV 105.6 MPH), Distance : 382 ft
Batting: RHB Will Barr 0-0: Ball
1-0: Swinging Strike
1-1: Foul Ball, location: 2F
1-2: Strikes out swinging
Batting: LHB Timothy Hayes 0-0: Ground out 6-3 (Groundball, 6, EV 85.6 MPH)
Top of the 5th over - 1 run, 1 hit, 0 errors, 0 left on base; Hicksville 3 - Tulsa 1
BOTTOM OF THE 5TH
Tulsa Otters batting - Pitching for Hicksville Hounds : RHP Tim Stroud
Batting: LHB Karl Monks 0-0: Ground out 6-3 (Groundball, 6M, EV 102.5 MPH)
Batting: RHB Cédric Dumas 0-0: Called Strike
0-1: Swinging Strike
0-2: Strikes out looking
Batting: RHB Tim White 0-0: Called Strike
0-1: Ball
1-1: Fly out, F8 (Flyball, 8RM, EV 87.5 MPH)
Bottom of the 5th over - 0 runs, 0 hits, 0 errors, 0 left on base; Hicksville 3 - Tulsa 1
TOP OF THE 6TH
Hicksville Hounds batting - Pitching for Tulsa Otters : RHP Marty Logan
Batting: RHB Joe Barrientez 0-0: Foul Ball, location: 2F
0-1: Ground out 5-3 (Groundball, 56, EV 103.8 MPH)
Batting: RHB Zhong-yi Yun 0-0: Ball
1-0: Ball
2-0: Foul Ball, location: 2F
2-1: Fly out, F9 (Flyball, 9LM, EV 96.9 MPH)
Batting: RHB Ming-an Yin 0-0: Ball
1-0: Ball
2-0: Ground out 4-3 (Groundball, 4, EV 83.1 MPH)
Top of the 6th over - 0 runs, 0 hits, 0 errors, 0 left on base; Hicksville 3 - Tulsa 1
BOTTOM OF THE 6TH
Tulsa Otters batting - Pitching for Hicksville Hounds : RHP Tim Stroud
Batting: RHB Joe Smith 0-0: Ball
1-0: Ball
2-0: Called Strike
2-1: Foul Ball, location: 2F
2-2: Ball
3-2: DOUBLE (Line Drive, 8RXD, EV 106.9 MPH)
Batting: RHB Sergio Núñez 0-0: Ball
1-0: Ball
2-0: Ground out 4-3 (Groundball, 4S, EV 83.1 MPH)
Joe Smith to third
Batting: RHB Greg Nieto 0-0: Called Strike
0-1: Ball
1-1: Ball
2-1: Foul Ball, location: 2F
2-2: Ball
3-2: Base on Balls
Batting: RHB Rick Caldwell 0-0: Ball
1-0: Foul Ball, location: 2F
1-1: Swinging Strike
1-2: Ball
2-2: Ground out 5-3 (Groundball, 56S, EV 88.8 MPH)
Greg Nieto to second
Batting: RHB Donnie Williams 0-0: Ball
1-0: Fly out, F9 (Flyball, 9LS, EV 93.1 MPH)
Bottom of the 6th over - 0 runs, 1 hit, 0 errors, 2 left on base; Hicksville 3 - Tulsa 1
TOP OF THE 7TH
Hicksville Hounds batting - Pitching for Tulsa Otters : RHP Marty Logan
Batting: RHB Arturo Iglésias 0-0: Ground out 4-3 (Groundball, 4, EV 103.1 MPH)
Batting: RHB Trent Davis 0-0: Called Strike
0-1: Ball
1-1: Ball
2-1: Foul Ball, location: 2F
2-2: Ground out 6-3 (Groundball, 4MS, EV 67.5 MPH)
Batting: RHB Andrew Potter 0-0: Swinging Strike
0-1: Swinging Strike
0-2: Ball
1-2: Foul Ball, location: 2F
1-2: Ball
2-2: Ground out 4-3 (Groundball, 4S, EV 88.8 MPH)
Top of the 7th over - 0 runs, 0 hits, 0 errors, 0 left on base; Hicksville 3 - Tulsa 1
BOTTOM OF THE 7TH
Tulsa Otters batting - Pitching for Hicksville Hounds : RHP Tim Stroud
Batting: RHB Ethan Lewis 0-0: Fly out, F7 (Line Drive, 7D, EV 86.2 MPH)
Batting: LHB Karl Monks 0-0: Ball
1-0: Called Strike
1-1: Ball
2-1: Called Strike
2-2: Ball
3-2: Base on Balls
Batting: RHB Cédric Dumas 0-0: Ball
1-0: Fielders Choice at 2nd, 4-6 (Groundball, 4, EV 82.5 MPH)
Batting: RHB Tim White 0-0: Fly out, F8 (Flyball, 89XD, EV 102.5 MPH)
Bottom of the 7th over - 0 runs, 0 hits, 0 errors, 1 left on base; Hicksville 3 - Tulsa 1
TOP OF THE 8TH
Hicksville Hounds batting - Pitching for Tulsa Otters : RHP Marty Logan
Batting: RHB Eng-hee Pan 0-0: Ball
1-0: Ball
2-0: Ball
3-0: Called Strike
3-1: Foul Ball, location: 2F
3-2: Foul Ball, location: 2F
3-2: Strikes out looking
Batting: RHB Will Barr 0-0: Foul Ball, location: 2F
0-1: Fly out, F8 (Flyball, 8LD, EV 88.1 MPH)
Batting: LHB Timothy Hayes 0-0: Ball
1-0: SINGLE (Groundball, 5D, EV 101.9 MPH)
Pitching: RHP Craig Brooks
Batting: RHB Joe Barrientez 0-0: Foul Ball, location: 2F
0-1: Ball
Timothy Hayes steals 2nd base
1-1: SINGLE (Groundball, 4MD, EV 95.6 MPH)
Timothy Hayes to third
Runner from 3rd tries for Home, SAFE, throw by CF to home
Batting: RHB Zhong-yi Yun 0-0: Called Strike
0-1: Ball
1-1: Called Strike
1-2: Fly out, F4 (Popup, 13S, EV 90.6 MPH)
Top of the 8th over - 1 run, 2 hits, 0 errors, 1 left on base; Hicksville 4 - Tulsa 1
BOTTOM OF THE 8TH
Tulsa Otters batting - Pitching for Hicksville Hounds : RHP Tim Stroud
Now in CF: Jesús Renderos
Batting: RHB Joe Smith 0-0: SINGLE (Line Drive, 78S, EV 110.6 MPH)
Batting: RHB Sergio Núñez 0-0: Called Strike
0-1: Foul Ball, location: 2F
0-2: Ball
1-2: Fly out, F8 (Flyball, 8RM, EV 86.9 MPH)
Batting: RHB Greg Nieto 0-0: Fly out, F6 (Popup, 56D, EV 47.5 MPH)
Batting: RHB Rick Caldwell 0-0: Foul Ball, location: 2F
0-1: Swinging Strike
0-2: Ball
1-2: Ball
2-2: Ball
3-2: Base on Balls
Joe Smith to second
Batting: RHB Donnie Williams 0-0: Swinging Strike
0-1: Ball
1-1: Ball
2-1: Fly out, F3 (Popup, 3F, EV 63.1 MPH)
Bottom of the 8th over - 0 runs, 1 hit, 0 errors, 2 left on base; Hicksville 4 - Tulsa 1
TOP OF THE 9TH
Hicksville Hounds batting - Pitching for Tulsa Otters : RHP Craig Brooks
Batting: RHB Ming-an Yin 0-0: Ball
1-0: Fly out, F8 (Flyball, 89D, EV 98.8 MPH)
Batting: RHB Arturo Iglésias 0-0: Called Strike
0-1: Foul Ball, location: 2F
0-2: Fly out, F8 (Flyball, 8RD, EV 85.0 MPH)
Batting: RHB Trent Davis 0-0: Foul Ball, location: 2F
0-1: Ball
1-1: Swinging Strike
1-2: SINGLE (Line Drive, 5D, EV 95.6 MPH)
Batting: RHB Jesús Renderos 0-0: Called Strike
0-1: Ball
1-1: Ball
2-1: Swinging Strike
2-2: Strikes out looking
Top of the 9th over - 0 runs, 1 hit, 0 errors, 1 left on base; Hicksville 4 - Tulsa 1
BOTTOM OF THE 9TH
Tulsa Otters batting - Pitching for Hicksville Hounds : RHP Tim Stroud
Batting: RHB Ethan Lewis 0-0: Foul Ball, location: 2F
0-1: Foul Ball, location: 2F
0-2: Strikes out swinging
Pitching: RHP Damon Reilly
Batting: LHB Karl Monks 0-0: Called Strike
0-1: Ball
1-1: Ball
2-1: Swinging Strike
2-2: Ball
3-2: Base on Balls
Batting: RHB Cédric Dumas 0-0: Ball
1-0: Called Strike
1-1: Swinging Strike
1-2: Foul Ball, location: 2F
1-2: Strikes out swinging
Batting: RHB Tim White 0-0: Ball
1-0: Foul Ball, location: 2F
1-1: Ball
2-1: Ball
3-1: Called Strike
3-2: Foul Ball, location: 2F
3-2: Foul Ball, location: 2F
3-2: Foul Ball, location: 2F
3-2: Foul Ball, location: 2F
3-2: Foul Ball, location: 2F
3-2: Foul Ball, location: 2F
3-2: Fly out, F4 (Flyball, 34D, EV 88.8 MPH)
Bottom of the 9th over - 0 runs, 0 hits, 0 errors, 1 left on base; Hicksville 4 - Tulsa 1
Friday, March 26th, 2021 - OOTP Baseball 20.8 Build 74